 Dungeon Crawl Stone Soup version 0.30-a0-715-gdb4ae3ece1 (webtiles) character file.

Game seed: 15376587855957774606

83 wormed the Sneak (level 4, -1/28 HPs)
             Began as an Octopode Air Elementalist on Jan 23, 2023.
             Succumbed to a scorpion's poison
             ... on level 4 of the Dungeon.
             The game lasted 00:02:47 (3177 turns).

wormed the Sneak (Octopode Air Elementalist)        Turns: 3177, Time: 00:02:47

Health: -1/28      AC:  1    Str:  7    XL:     4   Next: 44%
Magic:  5/7        EV: 13    Int: 19    God:
Gold:   200        SH:  0    Dex: 12    Spells: 1/7 levels left

rFire   . . .      SeeInvis .      - Unarmed
rCold   . . .      Faith    .    (no shield)
rNeg    . . .      Spirit   .    (helmet restricted)
rPois   .          Reflect  .    (no amulet)
rElec   .          Harm     .    (no ring)
rCorr   .          Rampage  .    (no ring)
Will    .....                    (no ring)
Stlth   +++                      (no ring)
HPRegen 0.24/turn                (no ring)
MPRegen 0.10/turn                (no ring)
                                 (no ring)
                                 (no ring)

@: lethally poisoned (-1 -> -25), very slightly contaminated
A: almost no armour, amphibious, 8 rings, camouflage 1, gelatinous body 1,
(nimble swimmer 1), tentacles
a: no special abilities


You were on level 4 of the Dungeon.
You visited 1 branch of the dungeon, and saw 4 of its levels.

You collected 200 gold pieces.

Inventory:

Scrolls
 d - a scroll of teleportation
 e - a scroll of fog
 f - a scroll of enchant weapon
Potions
 g - a potion of resistance
 i - a potion of flight
 j - a potion of curing {unknown}
 l - a potion of brilliance {unknown}
 m - a potion of mutation {unknown}


   Skills:
 + Level 1.5 Fighting
 + Level 2.5 Dodging
 + Level 3.4 Stealth
 + Level 1.2 Unarmed Combat
 + Level 2.3 Spellcasting
 - Level 1.0 Conjurations
 + Level 3.4 Air Magic


You had one spell level left.
You knew the following spells:

 Your Spells              Type           Power      Damage    Failure   Level
a - Shock                 Conj/Air       40%        1d5       7%          1
b - Static Discharge      Conj/Air       20%        2-3/arc   10%         2
c - Swiftness             Air            15%        N/A       12%         3

Your spell library contained the following spells:

 Spells                   Type           Power      Damage    Failure   Level
 Summon Small Mammal      Summ           8%         N/A       16%         1
 Airstrike                Air            7%         2d(2-18)  36%         4
 Call Canine Familiar     Summ           2%         N/A       43%         3
 Gell's Gravitas          Tloc           2%         N/A       43%         3
 Summon Guardian Golem    Hex/Summ       2%         N/A       43%         3
 Teleport Other           Tloc           2%         N/A       43%         3
 Dispersal                Tloc           1%         N/A       100%        6


Dungeon Overview and Level Annotations

Branches:
Dungeon (4/15)
 Temple: D:4-7

Altars:
Cheibriados
Qazlal


Innate Abilities, Weirdness & Mutations

You cannot wear most types of armour.
You are amphibious.
You can wear up to eight rings at the same time.
Your skin changes colour to match your surroundings (Stealth+).
Your rubbery body absorbs attacks. (AC +1, EV +1)
((You are camouflaged when in or above water. (Stealth+)))
You have tentacles for arms and can constrict up to eight enemies at once.


Message History

The scorpion is struck by an arc of lightning.
The scorpion is moderately wounded.
You are struck by an arc of lightning.
The scorpion is struck by an arc of lightning.
The scorpion is severely wounded.
The lightning grounds out.
The scorpion misses you.
Casting: Static Discharge (safe; 10% risk of failure)
Confirm with . or Enter, or press ? or * to list all spells.
You miscast Static Discharge.
You are very lightly contaminated with residual magic.
Nothing appears to happen.
The scorpion closely misses you.
Casting: Static Discharge (safe; 10% risk of failure)
Confirm with . or Enter, or press ? or * to list all spells.
You don't have enough magic to cast this spell.
You closely miss the scorpion. Your grab misses the scorpion.
The scorpion is heavily wounded.
The scorpion stings you.
You tentacle-slap the scorpion but do no damage.
You grab the scorpion.
The scorpion is heavily wounded.
You constrict the scorpion, but do no damage.
The scorpion stings you.
You are poisoned.
The scorpion poisons you! Magic courses through your body.
You constrict the scorpion.
You feel very sick. The scorpion stings you!
* * * LOW HITPOINT WARNING * * *
You are more poisoned.
The scorpion poisons you!
Casting: Static Discharge (safe; 10% risk of failure)
Confirm with . or Enter, or press ? or * to list all spells.
The scorpion is struck by an arc of lightning.
The scorpion is almost dead.
You are struck by an arc of lightning.
* * * LOW HITPOINT WARNING * * *
The scorpion is struck by an arc of lightning.
You kill the scorpion!
The lightning grounds out.
You die...

... ....###
#.#....... #..#
##.# #.# #.#
#.#
#####.#####(.
#....@.......
#............
#..........#.
#..........#
#..........#
#.##..........#
...........†..#
..##.......<.<#
. ############


There were no monsters in sight!

Vanquished Creatures
  A scorpion (D:4)
  3 adders (D:3)
  A worm (D:2)
  2 dart slugs
  4 orcs (D:3)
  5 endoplasms
  2 giant cockroaches (D:1)
  A goblin (D:1)
  4 hobgoblins
  2 jackals (D:1)
  A quokka (D:3)
  6 ball pythons
  5 bats
  A frilled lizard (D:1)
  5 kobolds
  A rat (D:1)
44 creatures vanquished.

Notes
Turn   | Place    | Note
-------+----------+-------------------------------------------
     0 | D:1      | wormed the Octopode Air Elementalist began the quest for
                  | the Orb.
     0 | D:1      | Reached XP level 1. HP: 11/11 MP: 3/3
    98 | D:1      | Reached XP level 2. HP: 17/18 MP: 5/5
   868 | D:2      | Reached skill level 1 in Fighting
   868 | D:2      | Reached XP level 3. HP: 15/23 MP: 2/6
  1701 | D:3      | Reached skill level 1 in Unarmed Combat
  2003 | D:3      | Learned a level 2 spell: Static Discharge
  2007 | D:3      | Learned a level 3 spell: Swiftness
  2169 | D:3      | Found a snail-covered altar of Cheibriados.
  2178 | D:3      | Found a stormy altar of Qazlal.
  2341 | D:3      | Reached XP level 4. HP: 28/28 MP: 3/7
  3162 | D:4      | Noticed a scorpion
  3177 | D:4      | Killed a scorpion
  3177 | D:4      | Succumbed to a scorpion's poison

Illustrated notes

Levels and vault maps discovered:
D:1:      scummos_arrival_star, layout_loops_ring
D:2:      layout_basic, minmay_misc_feat_five
D:3:      layout_basic, mainiacjoe_overflow_big_doors
D:4:      minmay_chambers_of_fours, layout_rooms,
          nicolae_overflow_hallway_of_the_gods, minmay_manual_monstrance

Skill      XL: |  1  2  3 |
---------------+----------+-----
Stealth        | 3 |  3.4
Fighting       | 1 |  1.5
Unarmed Combat | 1 |  1.2
Dodging        | |  2.5
Spellcasting   | |  2.3
Conjurations   | |  1.0
Air Magic      | |  3.4

Action                     |  1- 3 |  4- 6 || total
---------------------------+-------+-------++-------
  Melee: Unarmed           |    81 |     8 ||    89
         Tentacles         |    23 |     2 ||    25
         Constrict         |    20 |     4 ||    24
         Punch             |     3 |       ||     3
   Cast: Shock             |    19 |     4 ||    23
         Static Discharge  |       |    15 ||    15
    Use: Scroll            |       |     8 ||     8
         Potion            |       |     1 ||     1
   Stab: Sleeping          |     6 |     1 ||     7
 Armour: Skin              |     6 |     1 ||     7
  Dodge: Dodged            |    51 |    11 ||    62

Table legend: (Time is in decaauts)
 A = Elapsed time spent in this place.
 B = Non-inter-level travel time spent in this place.
 C = Inter-level travel time spent in this place.
 D = Time resting spent in this place.
 E = Time spent auto-exploring this place.
 F = Levels seen in this place.
 G = Mean time per level.
                   A        B        C        D        E       F      G
               +--------+--------+--------+--------+--------+-----+--------+
         Total |   3175 |   3137 |     38 |      0 |   2766 |   4 |  793.8 |
       Dungeon |   3175 |   3137 |     38 |      0 |   2766 |   4 |  793.8 |
               +--------+--------+--------+--------+--------+-----+--------+

Top non-repeatable levels by time:
     D:3: 1466 daAuts
     D:2: 910 daAuts
     D:1: 743 daAuts
     D:4: 55 daAuts
